cohdb
Replays
Latest Replays
All Replays
Popular Replays
Top Player Replays
Match Explorer
How It Works
Community
CoH3 Stats
Reddit
Sign in to upload your games and track your stats! →
Sign in with Steam
Match 39412473
Unlisted
Match 39412473
Overview
Messages
Build Orders
End
Construct Infanterie Kompanie
Kettenkrad Recon Vehicle
MG 42 Machine Gun Team
Grenadier Squad
Sniper
Construct Panzergrenadier Kompanie
Panzergrenadier Squad
Pioneer Squad
Selects Mechanized Battlegroup
Selects Raid Package
Pak 40 Anti-tank Gun Team
Support Elements
Nebelwerfer 42 Rocket Launcher Team
MG 42 Bunker
Medical Station
Selects StuG Assault Group
The Senate
ElaGiwrgi
Liamster
Gabe_Real
just a chill world leader ♡
Turtleboy
0
0
Comments
sign in to comment!
No comments posted yet!